 Dungeon Crawl Stone Soup version 0.24-a0-530-g18ba70b503 (webtiles) character file.

Game seed: 2501133625089885230

46 Mithandil the Poker (level 3, -9/30 HPs)
             Began as a Minotaur Gladiator on Aug 9, 2019.
             Killed by divine providence
             ... invoked by an orc priest
              (15 damage)
             ... on level 3 of the Dungeon.
             The game lasted 00:13:42 (1381 turns).

Mithandil the Poker (Minotaur Gladiator)            Turns: 1381, Time: 00:13:43

Health: -9/30      AC:  5    Str: 19    XL:     3   Next: 44%
Magic:  2/2        EV: 12    Int:  5    God:
Gold:   125        SH:  0    Dex: 11    Spells: 2/2 levels left

rFire    . . .     SeeInvis .   a - +0 trident
rCold    . . .     Gourm    .   (no shield)
rNeg     . . .     Faith    .   e - +0 ring mail
rPois    .         Spirit   .   c - +0 hat
rElec    .         Reflect  .   (no cloak)
rCorr    .         Harm     .   (no gloves)
MR       .....                  (no boots)
Stlth    +.........             (no amulet)
HPRegen  0.10/turn              (no ring)
MPRegen  0.08/turn              (no ring)

@: no status effects
A: retaliatory headbutt, horns 2
a: no special abilities


You were on level 3 of the Dungeon.
You were very hungry.

You visited 1 branch of the dungeon, and saw 4 of its levels.

You collected 125 gold pieces.

Inventory:

Hand Weapons
 a - a +0 trident (weapon)
 b - a +0 arbalest
 r - a +0 hand axe
 x - a +0 hunting sling
Missiles
 d - 3 throwing nets
 h - 116 stones
 j - 27 sling bullets (quivered)
 k - 17 bolts
 o - 42 arrows
 p - 30 poisoned darts
 w - 6 javelins
Armour
 c - a +0 hat (worn)
 e - a +0 ring mail (worn)
Jewellery
 t - an uncursed amulet of the acrobat {unknown}
Scrolls
 g - a scroll of magic mapping {unknown}
 i - a scroll of amnesia {unknown}
 m - a scroll of enchant weapon {unknown}
 s - a scroll of teleportation {unknown}
 u - a scroll of remove curse {unknown}
 y - a scroll of random uselessness {unknown}
 z - a scroll of identify {unknown}
Potions
 l - 2 potions of heal wounds {unknown}
 n - a potion of haste {unknown}
 q - a potion of brilliance {unknown}
 v - a potion of berserk rage {unknown}
Comestibles
 f - 5 rations


   Skills:
 + Level 2.7 Fighting
 - Level 1.0(2.8) Axes
 * Level 4.1(4.2) Polearms
 + Level 0.1 Crossbows
 * Level 2.5 Throwing
 + Level 0.9 Armour
 + Level 3.5 Dodging
 + Level 0.3 Spellcasting


You had 2 spell levels left.
You didn't know any spells.
Your spell library was empty.

Dungeon Overview and Level Annotations

Branches:
Dungeon (4/15)
 Temple: D:4-7

Altars:
Ashenzari
Fedhas
Kikubaaqudgha
Makhleb
Vehumet
Wu Jian
Yredelemnul

Annotations:
D:3 Robin


Innate Abilities, Weirdness & Mutations

You reflexively headbutt those who attack you in melee.
You have a pair of horns on your head.


Message History

The goblin shouts!
The orc shouts!
You hear a shout!
A hobgoblin comes into view.
A hobgoblin and an orc come into view.
The hobgoblin shouts!
The orc shouts!
You hear a shout!
An orc comes into view. It is wielding a +0 dagger.
The orc priest calls down the wrath of Beogh upon you.
Pain shoots through your body!
Robin of the Strong Arm comes into view.
They are wielding a +0 dagger.
An orc comes into view.
A goblin comes into view. It is wielding a +0 dagger.
The orc moves out of view.
Found 14 gold pieces.
The orc priest invokes the aid of Beogh against you.
Beogh smites you!
* * * LOW HITPOINT WARNING * * *
You hear a shout! x2
The orc priest mumbles some strange prayers to Beogh against you.
Beogh smites you!
Ouch! That really hurt!
You die...

#.##.##########
#.##.##.......#
#####.##.##.#####.# #######
#.....#...#.# #.# ......$
#.#######.#)# #.# .......
#........<..# #.# .......
#################.## .......
#.................#
.......####g.@.##############
o....gooog.g_..#
g......g.g....##
.......g.g..### .........(..#
#####.......# #######.# ....
#.###


You could see an orc priest, 2 orcs, 2 hobgoblins and 5 goblins.

Vanquished Creatures
  2 adders (D:2)
  A dart slug (D:2)
  2 leopard geckos (D:1)
  2 giant cockroaches
  5 goblins
  A hobgoblin (D:3)
  A quokka (D:2)
  A bat (D:1)
  2 frilled lizards
  2 kobolds
  7 rats
26 creatures vanquished.

Notes
Turn   | Place    | Note
-------+----------+-------------------------------------------
     0 | D:1      | Mithandil the Minotaur Gladiator began the quest for the
                  | Orb.
     0 | D:1      | Reached XP level 1. HP: 18/18 MP: 0/0
   386 | D:1      | Reached XP level 2. HP: 25/25 MP: 1/1
   651 | D:2      | Found an ornate altar of the Wu Jian Council.
   651 | D:2      | Found a basalt altar of Yredelemnul.
   657 | D:2      | Found a shattered altar of Ashenzari.
   659 | D:2      | Found a radiant altar of Vehumet.
   660 | D:2      | Found an ancient bone altar of Kikubaaqudgha.
   662 | D:2      | Found a blossoming altar of Fedhas.
   715 | D:2      | Reached skill level 4 in Polearms
   732 | D:2      | Reached XP level 3. HP: 26/30 MP: 2/2
   768 | D:2      | Reached skill level 1 in Axes
  1364 | D:3      | Found a burning altar of Makhleb.
  1375 | D:3      | Identified the cursed -5 helmet "Zygymp" {rCorr Str+2}
  1375 | D:3      | Noticed Robin
  1381 | D:3      | Killed from afar by an orc priest

Levels and vault maps discovered:
D:1:      dpeg_arrival_arbitrary_c, layout_basic
D:2:      layout_rooms, minitemple, minmay_misc_feat_secret_circle
D:3:      layout_basic, bloody_makhleb, uniq_ijyb, uniq_robin
D:4:      layout_layer_cave, first_ration

Skill      XL: |  1  2  3 |
---------------+----------+-----
Polearms       | 4 |  4.1
Axes           | 1 |  1.0
Fighting       | |  2.7
Crossbows      | |  0.1
Throwing       | |  2.5
Armour         | |  0.9
Dodging        | |  3.5
Spellcasting   | |  0.3

Action                   || total
-------------------------++-------
Melee: Trident           ||    53
       Headbutt          ||     6
Throw: Stone             ||     2
Armor: Ring mail         ||    14
Dodge: Dodged            ||    24

Table legend:
 A = Non-vault XP
 B = Vault XP
 C = Vault XP percentage of total XP
 D = Non-vault monster count
 E = Vault monster count
 F = Vault count percentage of total count
                 A         B        C        D         E       F
            +---------+---------+-------+---------+---------+-------
      Total |      66 |       0 |   0.0 |      26 |       0 |   0.0
            +---------+---------+-------+---------+---------+-------
        D:1 |      18 |       0 |   0.0 |      11 |       0 |   0.0
        D:2 |      42 |       0 |   0.0 |      11 |       0 |   0.0
        D:3 |       6 |       0 |   0.0 |       4 |       0 |   0.0
            +---------+---------+-------+---------+---------+-------
